 Dungeon Crawl Stone Soup version 0.18.1-48-g4cf74bf (webtiles) character file.

95 Alarkh the Poker (level 4, -3/33 HPs)
             Began as a Mummy Skald on July 31, 2016.
             Slain by a shadow demon (18 damage)
             ... created by the darkness of Dithmenos
             ... on level 2 of the Dungeon.
             The game lasted 00:02:32 (1432 turns).

Alarkh the Poker (Mummy Skald)                      Turns: 1432, Time: 00:02:33

Health: -3/33      AC:  3    Str: 15    XL:     4   Next: 39%
Magic:  7/7        EV: 11    Int: 12    God:
Gold:   81         SH:  0    Dex: 11    Spells: 1 memorised, 6 levels left

rFire  x . .     SeeInvis .     a - +0 spear
rCold  + . .     Gourm    .     b - +0 leather armour
rNeg   + + +     Faith    .     (no shield)
rPois  ∞         Spirit   .     (no helmet)
rElec  .         Dismiss  .     (no cloak)
rCorr  .         Reflect  .     (no gloves)
SustAt .         Harm     .     (no boots)
MR     .....                    (no amulet)
Stlth  +.........               (no ring)
                                (no ring)

@: not resistant to hostile enchantments, very unstealthy
A: no food or potions, fire vulnerability, cold resistance 1, negative energy
resistance 3, torment resistance, unbreathing
a: no special abilities


You were on level 2 of the Dungeon.
You were not hungry.

You visited 1 branch of the dungeon, and saw 2 of its levels.

You collected 81 gold pieces.

Inventory:

Hand Weapons
 a - a +0 spear (weapon)
Armour
 b - a +0 leather armour (worn)
Scrolls
 d - a scroll of remove curse
 e - 2 scrolls of teleportation {unknown}
 f - 2 scrolls of recharging
 g - a scroll of random uselessness {unknown}
 h - 2 scrolls of fog {unknown}
 i - a scroll of identify {unknown}
 j - a scroll of amnesia {unknown}
Books
 c - a book of Battle

   Spells                             Type                      Level
   a - Infusion                       Charms                       1
   b - Shroud of Golubria             Charms/Translocation         2
   c - Song of Slaying                Charms                       2
   d - Spectral Weapon                Hexes/Charms                 3
   e - Regeneration                   Charms/Necromancy            3


   Skills:
 - Level 2.0 Fighting
 + Level 3.9 Polearms
 - Level 0.7 Armour
 - Level 0.7 Dodging
 - Level 2.0 Spellcasting
 - Level 2.4 Charms


You had 6 spell levels left.
You knew the following spells:

 Your Spells              Type           Power        Failure   Level  Hunger
a - Infusion              Chrm           #...         14%         1    N/A

Dungeon Overview and Level Annotations

Branches:
Dungeon (2/15)

Altars:
Dithmenos

Annotations:
D:1 1 exclusion


Innate Abilities, Weirdness & Mutations

You do not eat or drink.
Your flesh is vulnerable to fire.
You are immune to poison.
Your flesh is cold resistant.
You are immune to negative energy.
You are immune to unholy pain and torment.
You can survive without breathing.


Message History

Read which item? (? for menu, Esc to quit)
As you read the scroll labeled VECYANT COTYFI, it crumbles to dust.
You feel blessed for a moment.
It was a scroll of remove curse.
The shadow demon gestures.
The shadow demon hits you!
You barely miss the shadow demon. You hit the shadow demon.
The shadow demon is lightly wounded.
The shadow demon gestures.
The shadow demon closely misses you.
You hit the shadow demon but do no damage.
The shadow demon is lightly wounded.
The shadow demon gestures.
The orange demon stings you from afar.
You hit the shadow demon.
The shadow demon is lightly wounded.
The shadow demon hits you but does no damage.
The orange demon stings you from afar. The shadow demon hits you!!
Ouch! That really hurt!
You die...

........# #.......#
#... ..####..#
###.....# ##. ###
#.## #.....# # #.#
####### #.# #!#
####### #.# #..W42#
.# #.###2# ##.###@#
######.####...##2#
..............##K.
..###.#####...#####
..#........####
###...##.#.#
#...##.#.#
##>.....#.#
#..<......#


You could see 3 shadow demons, an orange demon and a kobold.

Vanquished Creatures
  Ijyb (D:2)
  2 adders (D:2)
  An ooze (D:2)
  2 worms (D:2)
  2 dart slugs (D:1)
  3 giant cockroaches
  7 goblins
  2 hobgoblins
  8 kobolds
  7 bats
  2 giant newts (D:1)
  5 rats (D:1)
42 creatures vanquished.

Notes
Turn   | Place    | Note
--------------------------------------------------------------
     0 | D:1      | Alarkh the Mummy Skald began the quest for the Orb.
     0 | D:1      | Reached XP level 1. HP: 16/16 MP: 3/3
    50 | D:1      | Reached skill level 2 in Polearms
    76 | D:1      | Reached XP level 2. HP: 12/22 MP: 0/5
   673 | D:2      | Reached XP level 3. HP: 27/27 MP: 6/6
   699 | D:2      | Noticed Ijyb
   743 | D:2      | Killed Ijyb
   743 | D:2      | Reached skill level 3 in Polearms
   896 | D:2      | Reached XP level 4. HP: 19/33 MP: 3/7
   967 | D:2      | Found a faded altar to an unknown god.
   988 | D:2      | Became a worshipper of Dithmenos the Shadowed
   988 | D:2      | Reached * piety under Dithmenos
   988 | D:2      | Fell from the grace of Dithmenos
  1427 | D:2      | Noticed a shadow demon
  1427 | D:2      | Noticed a shadow demon
  1427 | D:2      | Noticed a shadow demon
  1427 | D:2      | Noticed a shadow
  1429 | D:2      | Noticed an orange demon
  1432 | D:2      | Slain by a shadow demon

Skill      XL: |  1  2  3 |
---------------+----------+-----
Polearms       | 2 3 |  3.9
Fighting       | |  2.0
Armour         | |  0.7
Dodging        | |  0.7
Spellcasting   | |  2.0
Charms         | |  2.4

Action                   |  1- 3 |  4- 6 || total
-------------------------+-------+-------++-------
Melee: Spear             |   146 |    37 ||   183
 Cast: Infusion          |    14 |     5 ||    19
Invok: Renounce Religion |       |     1 ||     1
  Use: Scroll            |     1 |     1 ||     2
Armor: Leather armour    |    26 |     8 ||    34
Dodge: Dodged            |    59 |    29 ||    88
